 Dungeon Crawl Stone Soup version 0.26.1-2-gb8aa6d0cf2 (webtiles) character file.

Game seed: 15644635524429496044

1020478 Bloodgem the Invulnerable (level 27, 0/254 HPs)
             Began as a Minotaur Fighter on Jan 6, 2021.
             Was the Champion of Okawaru.
             Killed from afar by a Hell Sentinel (41 damage)
             ... with damnation
             ... created by the effects of Hell
             ... on level 7 of the Iron City of Dis on Mar 28, 2021.
             The game lasted 08:33:20 (112238 turns).

Bloodgem the Invulnerable (Minotaur Fighter)      Turns: 112238, Time: 08:33:20

Health: 0/254      AC: 53    Str: 38    XL:     27
Magic:  22/41      EV: 24    Int:  8    God:    Okawaru [******]
Gold:   7695       SH: 25    Dex: 19    Spells: 47/67 levels left

rFire    + + +     SeeInvis .   Q - +9 broad axe (vamp)
rCold    + + +     Faith    .   R - +2 shield of Resistance {rF++ rC++ Will++}
rNeg     + + +     Spirit   .   i - +8 orange crystal plate armour {Archmagi, Int+3 Clar}
rPois    +         Reflect  .   (helmet unavailable)
rElec    .         Harm     .   x - +2 cloak {rCorr}
rCorr    +         Rampage  .   D - +2 pair of gloves {Dex+3}
Will     +++++     Clarity  +   K - +2 pair of boots of Zicseze {rPois rN+}
Stlth    ..........             l - amulet "Enuerita" {rN+ Regen+ Str+3 Slay+3}
HPRegen  0.92/turn              q - ring "Rosoyzai" {Wiz rF+ rC+ Will+ Slay+3}
MPRegen  0.27/turn              o - ring "Ecwoka" {rN+ Str+3 Dex+6}

@: contaminated, glowing
A: retaliatory headbutt, claws 1, horns 3, large bone plates 1, yellow scales 1,
clumsy 1, low mp 1, screaming 1, subdued magic 1
}: 6/15 runes: decaying, silver, obsidian, icy, bone, gossamer
a: Renounce Religion, Heroism, Finesse


You were on level 7 of the Iron City of Dis.
You worshipped Okawaru.
Okawaru was exalted by your worship.
You visited 16 branches of the dungeon, and saw 78 of its levels.
You visited the Abyss 1 time.
You also visited: Trove and Bailey.

You collected 11430 gold pieces.
You spent 3735 gold pieces at shops.

Inventory:

Hand Weapons
 c - a +9 broad axe of holy wrath
 Q - a +9 vampiric broad axe (weapon)
 Z - the +1 hand crossbow "Hiasenur" {vorpal, rF+ Stlth+}
   (Okawaru gifted it to you on level 1 of the Vaults)

   Any bolt fired from it inflicts extra damage.
   It protects you from fire.
   It makes you more stealthy.
Missiles
 W - 2833 bolts
Armour
 i - the +8 orange crystal plate armour (worn) {Archmagi, Int+3 Clar}
   (You took it off a death knight on level 1 of the Vaults)

   It affects your intelligence (+3).
   It protects you against confusion.
 v - a +0 pair of boots of flying
 x - a +2 cloak of preservation (worn)
 A - a +0 cloak of poison resistance
 D - a +2 pair of gloves of dexterity (worn)
 K - the +2 pair of boots of Zicseze (worn) {rPois rN+}
   (Okawaru gifted it to you on level 3 of Tartarus)

   It protects you from poison.
   It protects you from negative energy.
 R - the +2 shield of Resistance (worn) {rF++ rC++ Will++}
   (You found it on level 3 of the Depths)

   It greatly protects you from fire.
   It greatly protects you from cold.
   It affects your willpower, your defense against some magical effects.
 S - a +1 pair of boots of running
 U - +2 gold dragon scales
Jewellery
 l - the amulet "Enuerita" (around neck) {rN+ Regen+ Str+3 Slay+3}
   (You found it in a treasure trove)

   [amulet of regeneration]

   It affects your strength (+3).
   It affects your accuracy and damage with ranged weapons and melee attacks
   (+3).
   It protects you from negative energy.
   It increases your rate of regeneration.
 o - the ring "Ecwoka" (right hand) {rN+ Str+3 Dex+6}
   (You found it in a treasure trove)

   [ring of dexterity]

   It affects your strength (+3).
   It affects your dexterity (+6).
   It protects you from negative energy.
 q - the ring "Rosoyzai" (left hand) {Wiz rF+ rC+ Will+ Slay+3}
   (You found it in a treasure trove)

   [ring of wizardry]

   It improves your spell success rate.
   It affects your accuracy and damage with ranged weapons and melee attacks
   (+3).
   It protects you from fire.
   It protects you from cold.
   It affects your willpower, your defense against some magical effects.
 y - the ring of the Hare {EV+8}
   (You took it off a deep elf elementalist on level 3 of the Elven Halls)

   [ring of evasion]

   It affects your evasion (+8).
 J - the ring "Koaguaco" {rF+ rN+ MP+9 Int-2 Dex+2 Stlth+}
   (You took it off a skeletal warrior on level 2 of the Crypt)

   [ring of magical power]

   It affects your intelligence (-2).
   It affects your dexterity (+2).
   It protects you from fire.
   It protects you from negative energy.
   It affects your magic capacity (+9).
   It makes you more stealthy.
 L - the ring "Utitismo" {rElec Will+ Str+6 Slay+6}
   (You found it on level 7 of Tartarus)

   [ring of strength]

   It affects your strength (+6).
   It affects your accuracy and damage with ranged weapons and melee attacks
   (+6).
   It insulates you from electricity.
   It affects your willpower, your defense against some magical effects.
 N - the ring of Deobid {rPois rF+ Str+4 Int-2}
   (You found it on level 7 of Cocytus)

   [ring of protection from fire]

   It affects your strength (+4).
   It affects your intelligence (-2).
   It protects you from fire.
   It protects you from poison.
 O - the amulet "Leceghis" {Reflect rPois rF+ Str+2 SH+5}
   (You found it on level 7 of Tartarus)

   [amulet of reflection]

   It shields you and reflects attacks.
   It affects your strength (+2).
   It protects you from fire.
   It protects you from poison.
   It affects your SH (+5).
Wands
 a - a wand of acid (49)
 g - a wand of digging (14) (quivered)
 n - a wand of disintegration (47)
Scrolls
 b - 5 scrolls of fog
 e - 10 scrolls of fear
 f - 7 scrolls of blinking
 r - 26 scrolls of teleportation
 s - 30 scrolls of remove curse
 F - 9 scrolls of magic mapping
 M - a scroll of amnesia
 V - a scroll of enchant armour
 Y - a scroll of silence
Potions
 h - 7 potions of cancellation
 j - 10 potions of haste
 k - 4 potions of mutation
 m - 6 potions of lignification
 p - 3 potions of invisibility
 w - 4 potions of heal wounds
 B - 19 potions of curing
 C - 5 potions of resistance
 E - 7 potions of ambrosia
 G - 6 potions of brilliance
 I - 2 potions of might
 T - 2 potions of attraction
 X - 4 potions of berserk rage
Miscellaneous
 d - a condenser vane
 t - a lightning rod (4/4)
 z - a tin of tremorstones (2/2)
 H - the horn of Geryon
 P - a box of beasts


   Skills:
 - Level 22.0 Fighting
 - Level 22.0 Axes
 - Level 5.0 Crossbows
 O Level 27 Armour
 - Level 22.0 Dodging
 - Level 10.0 Stealth
 - Level 22.4 Shields
 - Level 20.5 Spellcasting
 + Level 16.7 Necromancy
 - Level 18.1 Transmutations
 - Level 20.0 Invocations
 - Level 15.1 Evocations


You had 47 spell levels left.
You knew the following spells:

 Your Spells              Type           Power        Failure   Level
a - Blink                 Tloc           N/A          11%         2
b - Wereblood             Tmut           43%          0%          2
c - Passwall              Tmut/Erth      21%          1%          2
d - Statue Form           Tmut/Erth      17%          26%         6
e - Necromutation         Tmut/Necr      20%          34%         8

Your spell library contained the following spells:

 Spells                   Type           Power        Failure   Level
 Animate Skeleton         Necr           80%          0%          1
 Beastly Appendage        Tmut           86%          0%          1
 Pain                     Necr           100%         0%          1
 Sublimation of Blood     Necr           20%          0%          2
 Sting                    Tmut/Pois      100%         1%          1
 Corpse Rot               Necr/Air       N/A          1%          2
 Ignite Poison            Fire/Tmut/Pois 20%          1%          3
 Spider Form              Tmut/Pois      13%          1%          3
 Vampiric Draining        Necr           20%          1%          3
 Animate Dead             Necr           20%          1%          4
 Dispel Undead            Necr           40%          1%          4
 Ice Form                 Ice/Tmut       26%          1%          4
 Petrify                  Tmut/Erth      26%          1%          4
 Agony                    Necr           40%          1%          5
 Blade Hands              Tmut           21%          1%          5
 Excruciating Wounds      Necr           20%          1%          5
 Death Channel            Necr           20%          1%          6
 Hydra Form               Tmut           21%          1%          6
 Dragon Form              Tmut           21%          3%          7
 Alistair's Intoxication  Tmut/Pois      17%          4%          5
 Irradiate                Conj/Tmut      13%          4%          5
 Yara's Violent Unravell  Hex/Tmut       13%          4%          5
 Borgnjor's Vile Clutch   Necr/Erth      12%          6%          5
 Apportation              Tloc           18%          7%          1
 Corona                   Hex            10%          7%          1
 Foxfire                  Conj/Fire      36%          7%          1
 Magic Dart               Conj           36%          7%          1
 Sandblast                Erth           18%          7%          1
 Shock                    Conj/Air       36%          7%          1
 Summon Small Mammal      Summ           36%          7%          1
 Call Imp                 Summ           9%           11%         2
 Ensorcelled Hibernation  Hex/Ice        18%          11%         2
 Poisonous Vapours        Pois/Air       18%          11%         2
 Searing Ray              Conj           18%          11%         2
 Slow                     Hex            9%           11%         2
 Swiftness                Air            9%           11%         2
 Confusing Touch          Hex            9%           21%         3
 Conjure Flame            Conj/Fire      9%           21%         3
 Dazzling Flash           Conj/Hex       18%          21%         3
 Gell's Gravitas          Tloc           4%           21%         3
 Inner Flame              Hex/Fire       9%           21%         3
 Lesser Beckoning         Tloc           4%           21%         3
 Mephitic Cloud           Conj/Pois/Air  9%           21%         3
 Portal Projectile        Hex/Tloc       18%          21%         3
 Static Discharge         Conj/Air       9%           21%         3
 Stone Arrow              Conj/Erth      18%          21%         3
 Teleport Other           Tloc           9%           21%         3
 Tukima's Dance           Hex            9%           21%         3
 Eringya's Noxious Bog    Tmut/Pois      13%          26%         6
 Simulacrum               Ice/Necr       12%          32%         6
 Borgnjor's Revivificati  Necr           20%          43%         8
 Infestation              Necr           20%          43%         8
 Airstrike                Air            4%           56%         4
 Cause Fear               Hex            4%           56%         4
 Fulminant Prism          Conj/Hex       4%           56%         4
 Iskenderun's Mystic Bla  Conj/Tloc      9%           56%         4
 Leda's Liquefaction      Hex/Erth       4%           56%         4
 Olgreb's Toxic Radiance  Pois           9%           56%         4
 Passage of Golubria      Tloc           N/A          56%         4
 Sticky Flame             Conj/Fire      9%           56%         4
 Summon Ice Beast         Ice/Summ       9%           56%         4
 Summon Lightning Spire   Summ/Air       9%           56%         4
 Haunt                    Necr/Summ      12%          87%         7
 Bolt of Magma            Conj/Fire/Erth 4%           88%         5
 Fireball                 Conj/Fire      4%           88%         5
 Iskenderun's Battlesphe  Conj           9%           88%         5
 Lee's Rapid Deconstruct  Erth           4%           88%         5
 Lightning Bolt           Conj/Air       4%           88%         5
 Metabolic Englaciation   Hex/Ice        4%           88%         5
 Silence                  Hex/Air        4%           88%         5
 Summon Mana Viper        Hex/Summ       9%           88%         5
 Conjure Ball Lightning   Conj/Air       4%           100%        6
 Dispersal                Tloc           4%           100%        6
 Freezing Cloud           Conj/Ice/Air   4%           100%        6
 Invisibility             Hex            9%           100%        6
 Iron Shot                Conj/Erth      4%           100%        6
 Starburst                Conj/Fire      4%           100%        6
 Malign Gateway           Summ/Tloc      4%           100%        7
 Monstrous Menagerie      Summ           4%           100%        7
 Orb of Destruction       Conj           4%           100%        7
 Spellforged Servitor     Conj/Summ      4%           100%        7
 Summon Greater Demon     Summ           4%           100%        7
 Discord                  Hex            4%           100%        8
 Disjunction              Tloc           4%           100%        8
 Ignition                 Fire           4%           100%        8
 Summon Horrible Things   Summ           4%           100%        8
 Death's Door             Necr           20%          100%        9
 Dragon's Call            Summ           4%           100%        9
 Tornado                  Air            4%           100%        9


Dungeon Overview and Level Annotations

Branches:
Dungeon (15/15)            Temple (1/1) D:6            Lair (6/6) D:11
  Swamp (4/4) Lair:2       Spider (4/4) Lair:2        Slime (0/5) Lair:6
    Orc (2/2) D:11            Elf (3/3) Orc:2        Vaults (5/5) D:13
  Crypt (3/3) Vaults:2       Tomb (1/3) Crypt:3      Depths (5/5) D:15
   Hell (visited)             Dis (7/7) Hell            Geh (7/7) Hell
    Coc (7/7) Hell            Tar (7/7) Hell            Zot (0/5) Depths:5
 Bailey (visited)

Altars:
Ashenzari
Cheibriados
Dithmenos
Elyvilon
Fedhas
Gozag
Hepliaklqana
Kikubaaqudgha
Makhleb
Nemelex Xobeh
Okawaru
Qazlal
Ru
Sif Muna
Trog
Uskayaw
Vehumet
Wu Jian
Xom
Yredelemnul
Zin
The Shining One
Jiyva

Shops:
D:6 [   D:7 *   D:8 [*   D:12 *   D:13 [*   Orc:1 (   Orc:2 =[=*   Elf:1 ?
Elf:3 *   Vaults:1 *   Vaults:2 ((*   Vaults:3 (   Vaults:4 ![??(
Depths:2 }=}

Portals:
Hell: Depths:1 Depths:2 Depths:3 Depths:4 Depths:5
Abyss: Depths:1 Depths:2 Depths:4
Pandemonium: Depths:1 Depths:3
Ziggurat: Depths:3

Annotations:
Lair:2 exclusion: 3 oklob plants
Lair:6 3 runed translucent doors, Jipob's ghost, adept MiBe
Orc:1 2 transporters, toph's ghost, journeyman GrFi
Elf:1 3 runed translucent doors, Yddi's ghost, adept TeSu


Innate Abilities, Weirdness & Mutations

You reflexively headbutt those who attack you in melee.
You have a pair of large horns on your head.
You have sharp fingernails.
You are partially covered in large bone plates. (SH +4)
You are partially covered in yellow scales. (AC +2)
You are clumsy. (Dex -2)
Your magical capacity is low. (-10% MP)
You occasionally shout uncontrollably at your foes.
Your spells are a little easier to cast, but a little less powerful.


Message History

You slash the iron dragon!
You feel better.
The Brimstone Fiend calls on the powers of darkness!
Your body is wracked with pain!
* * * LOW HITPOINT WARNING * * *
You slash the Brimstone Fiend! You headbutt the Brimstone Fiend!!
You kill the Brimstone Fiend!
Okawaru accepts your kill.
You slash the rust devil! You slash the iron dragon!
You kill the iron dragon!
Okawaru accepts your kill.
Your body shudders with the violent release of wild energies!
The magical storm engulfs you but does no damage.
You resist.
Your connection to magic feels subdued.
You feel less contaminated with magical energies.
Okay, then.
You feel better. The Hell Sentinel gestures at you.
The sphere of damnation explodes!
The damnation engulfs you!!!
You die...

..........#########..............
###...........########....††.....
..#...............#######..†.....
..'..................#######....#
..#.....................######..#
###..........#####.........######
.............#[..#...........####
###..........#..)#14...........##
#####......#[.@)..............#
####...#####5....#####....#
####..........#...#....#
####.......#...#....'
#########)#.....###'#....#
.#.....)...###............#
.'.........# ###...........
#....)z...# ##..........
##'##[##### #######....


You could see a Hell Sentinel, a rust devil and an iron imp.

Vanquished Creatures
  Asmodeus (Geh:7)
  Antaeus (Coc:7)
  Ereshkigal (Tar:7)
  the Serpent of Hell (Tar:7)
  2 juggernauts (Depths:5)
  3 ancient liches
  2 royal mummies (Tomb:1)
  Bai Suzhen (Vaults:4)
  Boris (4 times) (Depths:3 Vaults:4 Vaults:5 Crypt:1)
  9 shard shrikes
  A caustic shrike (Depths:3)
  Geryon (Hell)
  2 golden dragons
  the Enchantress (Depths:1)
  20 bone dragons
  20 doom hounds
  10 tentacled monstrosities
  2 iron giants
  14 liches
  40 Brimstone Fiends
  58 Tzitzimimeh
  3 Hell Sentinels
  10 titans
  8 quicksilver dragons
  2 deep elf blademasters (Elf:3)
  21 Ice Fiends
  An eldritch tentacle (Depths:4)
  2 deep elf master archers (Elf:3)
  6 ancient champions
  Murray (Depths:1)
  Frances (D:14)
  11 sphinxes
  6 Executioners
  3 tentacled starspawn (Abyss:4)
  7 storm dragons
  10 shadow dragons
  A storm dragon (shapeshifter) (Depths:3)
  Donald (Crypt:2)
  6 revenants
  11 iron dragons
  10 fire giants
  A draconian scorcher (Depths:5)
  17 frost giants
  5 deep elf sorcerers
  An iron dragon (shapeshifter) (Vaults:5)
  26 balrugs
  2 ghost moths
  3 cacodemons
  5 emperor scorpions (Spider:4)
  Aizul (Depths:1)
  9 curse skulls
  Louise (Elf:3)
  13 vault wardens
  6 deep elf elementalists
  A draconian stormcaller (Depths:5)
  23 very ugly things
  6 ironheart preservers
  A caustic shrike skeleton (Depths:1)
  A juggernaut zombie (Crypt:2)
  18 ghouls
  4 elemental wellsprings
  90 reapers
  31 stone giants
  20 war gargoyles
  6 spriggan defenders
  Nessos (Lair:5)
  2 green draconians (Swamp:3)
  6 dire elephants (Lair:6)
  15 vampire knights
  9 deep elf annihilators
  A black draconian (Depths:4)
  10 deep elf demonologists
  2 red draconians (Depths:5)
  5 entropy weavers
  4 bunyips
  6 lorocyprocas
  2 bennus (Tomb:1)
  10 spark wasps
  2 purple draconians (Depths:5)
  12 eidola
  2 eleionomae
  4 yellow draconians (Depths:5)
  18 ettins
  Josephine (D:14)
  Snorg (D:13)
  9 mummy priests
  16 blizzard demons
  19 quicksilver dragon zombies
  4 jiangshi
  7 deep elf death magi
  4 deep elf high priests
  9 great orbs of eyes
  A green death (Depths:3)
  24 yaktaur captains
  15 fire dragons
  2 kraken zombies (Coc:7)
  A monstrous demonspawn (Depths:1)
  33 vault guards
  3 shambling mangroves
  A catoblepas (Lair:6)
  6 boulder beetles
  10 rakshasas
  7 quicksilver dragon skeletons
  7 spriggan air magi
  14 centaur warriors
  28 ice dragons
  28 hydras
  An anaconda (Lair:6)
  10 ghost crabs
  2 alligators
  7 death knights
  43 two-headed ogres
  4 death yaks (Lair:6)
  30 dancing weapons
  17 ogre magi
  3 deep troll shamans
  18 titan zombies
  10 vampire magi
  5 tengu warriors
  10 small abominations
  5 deep troll earth magi
  A spriggan berserker (Depths:5)
  8 death scarabs (Spider:4)
  An orc high priest (Orc:2)
  51 hell hogs
  22 deep elf knights
  15 storm dragon zombies
  30 soul eaters
  105 hell knights
  A sixfirhy (Depths:3)
  A spectral emperor scorpion (Spider:4)
  10 spriggans
  11 titan skeletons
  4 shadow wraiths
  A fire crab (shapeshifter) (Depths:4)
  4 iron golems
  30 sun demons
  5 goliath frogs
  217 skeletal warriors
  3 wretched stars (Abyss:4)
  A spark wasp zombie (Depths:1)
  8 ghost moth zombies
  7 iron trolls
  7 storm dragon skeletons
  17 anaconda zombies
  20 flayed ghosts
  10 wizards
  3 salamander mystics (Depths:5)
  20 shadow demons
  An unseen horror (shapeshifter) (Vaults:1)
  11 golden dragon zombies
  4 death drakes
  8 deep trolls
  3 spriggan druids
  4 unseen horrors
  A deep troll (shapeshifter) (Vaults:5)
  18 orc knights
  17 deep elf archers
  12 wolf spider zombies
  19 bog bodies
  18 ironbrand convokers
  7 golden dragon skeletons
  4 harpies (Vaults:2)
  8 swamp dragons
  10 shadow dragon skeletons
  46 necromancers
  19 orb spiders
  2 spectral wolf spiders (Spider:4)
  3 glowing orange brains
  The ghost of DungeonDestroyer the Poker, a novice DgFi (D:5)
  18 fire giant zombies
  7 iron dragon zombies
  33 phantasmal warriors
  10 shadow dragon zombies
  3 tengu skeletons
  Pikel (D:7)
  A mana viper (shapeshifter) (Depths:1)
  44 wolf spiders
  An orb spider (shapeshifter) (Vaults:4)
  13 frost giant zombies
  11 orc sorcerers
  16 anaconda skeletons
  76 deep elf magi
  19 stone giant zombies
  A salamander (shapeshifter) (Vaults:1)
  7 will-o-the-wisps
  A manticore (D:14)
  4 oklob plants (Lair:6)
  A faun (shapeshifter) (Depths:4)
  58 ugly things
  11 cyclopes
  3 moths of wrath
  A worldbinder (Abyss:4)
  10 salamanders
  12 iron dragon skeletons
  8 fire giant skeletons
  50 rust devils
  Maurice (D:12)
  23 elephants
  17 vault sentinels
  2 elf zombies
  A guardian serpent (Abyss:4)
  A gargoyle (D:15)
  12 molten gargoyles
  3 shock serpent zombies
  2 ice statues (Coc:7)
  12 frost giant skeletons
  7 smoke demons
  10 stone giant skeletons
  3 black mambas
  A torpor snail (Lair:3)
  5 cane toads
  3 catoblepas zombies
  9 dire elephant skeletons
  2 shock serpent skeletons
  2 naga magi (Depths:4)
  11 dire elephant zombies
  2 yaktaur zombies
  A cane toad (shapeshifter) (Depths:5)
  2 storm dragon simulacra
  2 spectral redbacks (Spider:4)
  11 komodo dragons
  A kobold demonologist (Depths:1)
  8 efreet
  3 redback zombies (Spider:4)
  60 ice devils
  5 emperor scorpion zombies
  65 hellions
  A yellow draconian zombie (Crypt:3)
  2 purple draconian zombies
  3 rime drakes
  79 yaktaurs
  17 demonic crawlers
  20 hellwings
  68 tormentors
  46 freezing wraiths
  A minotaur zombie (Crypt:1)
  9 guardian mummies
  A black draconian skeleton (Tar:1)
  5 catoblepas skeletons
  A grey draconian skeleton (Crypt:1)
  An anaconda simulacrum (Coc:7)
  A yellow draconian skeleton (Crypt:2)
  66 red devils
  A jumping spider (shapeshifter) (Vaults:5)
  10 harpy zombies
  A wind drake (shapeshifter) (Elf:3)
  An ancient zyme (Abyss:4)
  32 hydra zombies
  A shadow dragon simulacrum (Crypt:1)
  3 silent spectres
  3 meliai (D:14)
  A merfolk (shapeshifter) (Vaults:5)
  4 polar bears
  8 trolls
  5 tengu conjurers
  39 jumping spiders
  A wolf spider simulacrum (Coc:7)
  Grinder (D:5)
  A bloated husk (Swamp:2)
  2 tengu simulacra
  23 hornets
  16 hydra skeletons
  7 spectral jumping spiders (Spider:4)
  9 tyrant leeches
  A blink frog (shapeshifter) (Depths:4)
  3 jumping spider zombies (Spider:4)
  A spectral tarantella (Spider:4)
  11 fire dragon zombies
  11 blink frogs
  A snapping turtle (shapeshifter) (Vaults:5)
  5 harpy skeletons
  22 slime creatures
  7 ice dragon zombies
  12 alligator zombies
  9 raiju (Abyss:4)
  2 tarantella zombies
  20 ettin zombies
  13 dream sheep
  5 black mamba zombies
  3 frost giant simulacra
  10 ice dragon skeletons
  178 flying skulls
  A meliai zombie (D:13)
  4 stone giant simulacra
  An elf simulacrum (Depths:3)
  5 alligator skeletons
  54 redbacks
  7 fire dragon skeletons
  A spriggan (shapeshifter) (Depths:1)
  5 air elementals
  83 shadows
  3 deep troll skeletons
  11 ettin skeletons
  15 starcursed masses (Abyss:4)
  A yak (shapeshifter) (Vaults:3)
  25 tarantellas
  80 wraiths
  2 vampires (D:12)
  A ynoxinul (Abyss:4)
  A dire elephant simulacrum (Crypt:2)
  A human (shapeshifter) (Vaults:5)
  A human (D:13)
  5 large abominations (Abyss:4)
  14 water elementals
  3 wyverns
  4 ushabtiu
  56 fire elementals
  47 yaks
  A basilisk (shapeshifter) (Vaults:4)
  12 fire bats
  15 basilisks
  2 golden eyes (Depths:4)
  A hog (Depths:4)
  2 black mamba skeletons
  3 wargs
  A human simulacrum (Vaults:1)
  9 vampire mosquitoes
  21 swamp worms
  Edmund (D:4)
  5 merfolk zombies
  2 spatial vortices (Depths:4)
  A naga (Abyss:4)
  2 acid dragons
  8 water moccasins
  A merfolk skeleton (Geh:5)
  17 cane toad zombies
  2 soldier ants
  126 hell hounds
  A spectral hornet (Spider:4)
  A torturous demonspawn skeleton (Crypt:2)
  12 swamp drakes
  6 ice beasts
  11 snapping turtle zombies
  An eye of draining (D:15)
  An eye of draining (shapeshifter) (D:14)
  2 manticore zombies
  33 orc warriors
  2 fire dragon simulacra (Coc:7)
  3 alligator simulacra
  9 cane toad skeletons
  2 black bears
  13 phantoms
  5 sky beasts
  An ettin simulacrum (Vaults:2)
  A swamp dragon zombie (Crypt:3)
  68 necrophages
  10 snapping turtle skeletons
  5 boggarts
  29 ogres
  An ogre (shapeshifter) (Elf:1)
  7 wolves
  8 centaurs
  4 manticore skeletons
  A lemure (D:7)
  A centaur (shapeshifter) (Depths:3)
  6 big kobolds
  2 swamp dragon skeletons (Tar:6)
  An octopode zombie (Crypt:2)
  A hog skeleton (Crypt:2)
  Blork the orc (D:5)
  22 bullfrogs
  2 earth elementals (Depths:4)
  A glowing shapeshifter simulacrum (Depths:4)
  A wyvern zombie (D:14)
  A gnoll sergeant (D:8)
  2 cane toad simulacra (Hell)
  2 water moccasin zombies
  7 wyvern skeletons
  10 killer bees
  6 scorpions
  A water moccasin skeleton (D:12)
  A spriggan skeleton (Geh:4)
  3 troll zombies
  A polar bear skeleton (Crypt:1)
  A snapping turtle simulacrum (Coc:7)
  A vampire bat (Depths:4)
  168 wights
  A troll skeleton (Geh:5)
  5 centaur zombies
  7 howler monkeys
  An electric eel (Lair:5)
  14 crimson imps
  2 bullfrog zombies (D:8)
  4 quasits
  32 orc priests
  6 hounds
  43 iron imps
  4 human zombies
  6 jellies
  4 bullfrog skeletons
  6 centaur skeletons
  4 human skeletons
  Terence (D:3)
  3 hell rats (Lair:6)
  5 iguanas
  44 orc wizards
  13 worker ants
  2 naga skeletons
  3 ogre zombies
  25 mummies
  Robin (D:4)
  26 gnolls
  11 adders
  2 river rats (Lair:6)
  35 shadow imps
  17 white imps
  An ufetubus (D:5)
  A worm zombie (Crypt:1)
  5 adder zombies
  An ooze (D:4)
  2 adder skeletons
  A halfling skeleton (Crypt:2)
  4 worms
  7 leopard geckos
  122 orcs
  3 ball pythons
  10 bats
  7 giant cockroaches
  24 goblins
  23 hobgoblins
  14 jackals
  3 quokkas (D:7)
  7 frilled lizards
  2 jackal skeletons (D:4)
  A jackal zombie (D:6)
  34 kobolds
  A kobold skeleton (Crypt:3)
  A leopard gecko zombie (D:5)
  An orc skeleton (D:13)
  5 orc zombies
  2 quokka skeletons
  15 rats
  3 crawling corpses
  4 starspawn tentacles (Abyss:4)
  5 tentacles (Coc:7)
  A withered plant (Crypt:3)
5251 creatures vanquished.

Vanquished Creatures (collateral kills)
  A very ugly thing (Depths:5)
  A soul eater (Depths:5)
  An ugly thing (Depths:5)
  A yaktaur (Depths:5)
4 creatures vanquished.

Vanquished Creatures (others)
  A doom hound (Tar:4)
  A sphinx (Tomb:1)
  A fire giant (Depths:4)
  A deep elf annihilator (Elf:3)
  An eleionoma (Swamp:4)
  A yaktaur captain (Vaults:5)
  An ogre mage (Depths:4)
  A deep troll shaman (Depths:4)
  4 hell hogs
  A deep elf knight (Elf:2)
  A shadow wraith (Vaults:1)
  An orc knight (Vaults:5)
  A wizard (Depths:4)
  A deep elf mage (Elf:3)
  A golden dragon skeleton (Depths:3)
  A fire giant zombie (Geh:7)
  2 bloated husks
  A large abomination (Abyss:4)
  A tyrant leech (Swamp:1)
  A water elemental (Depths:4)
  A warg (Vaults:5)
  A boggart (Depths:4)
  An ogre (Vaults:5)
  A wight (Geh:2)
  An orc wizard (Vaults:3)
  26 foxfires
  17 fungi
  59 plants
  9 starspawn tentacles (Abyss:4)
  3 tentacles (Coc:7)
  4 toadstools (D:8)
  4 withered plants (Crypt:3)
151 creatures vanquished.

Grand Total: 5406 creatures vanquished

Notes
Turn   | Place    | Note
-------+----------+-------------------------------------------
     0 | D:1      | Bloodgem the Minotaur Fighter began the quest for the Orb.
     0 | D:1      | Reached XP level 1. HP: 19/19 MP: 0/0
   240 | D:1      | Reached XP level 2. HP: 26/27 MP: 1/1
   921 | D:2      | Reached skill level 4 in Armour
   921 | D:2      | Reached XP level 3. HP: 33/33 MP: 2/2
  1332 | D:2      | Found a stormy altar of Qazlal.
  1528 | D:3      | Reached XP level 4. HP: 34/41 MP: 3/3
  1630 | D:3      | Found a sparkling altar of Nemelex Xobeh.
  1637 | D:3      | Reached skill level 5 in Fighting
  1652 | D:3      | Reached XP level 5. HP: 48/48 MP: 4/4
  2049 | D:3      | Noticed Terence
  2058 | D:3      | Killed Terence
  2160 | D:3      | Found a burning altar of Makhleb.
  2237 | D:3      | Reached skill level 5 in Armour
  2237 | D:3      | Reached XP level 6. HP: 57/57 MP: 5/5
  2256 | D:3      | Reached skill level 5 in Shields
  2479 | D:4      | Found a sand-covered staircase.
  2485 | D:4      | Noticed Robin
  2524 | D:4      | Killed Robin
  2682 | D:4      | Noticed Edmund
  2695 | D:4      | Killed Edmund
  2696 | D:4      | Reached XP level 7. HP: 62/64 MP: 6/6
  2714 | D:4      | Found a radiant altar of Vehumet.
  2764 | D:4      | Found a burning altar of Makhleb.
  3040 | D:4      | Found a sacrificial altar of Ru.
  3175 | D:5      | Entered Level 5 of the Dungeon
  3221 | D:5      | Noticed Blork the orc
  3230 | D:5      | Killed Blork the orc
  3231 | D:5      | Reached skill level 5 in Axes
  3444 | D:5      | Found a runed translucent gate.
  3444 | D:5      | Found a runed translucent gate.
  3444 | D:5      | Noticed DungeonDestroyer's ghost (novice DgFi)
  3445 | D:5      | Found a runed translucent gate.
  3465 | D:5      | Reached skill level 6 in Armour
  3471 | D:5      | Killed DungeonDestroyer's ghost
  3472 | D:5      | Reached XP level 8. HP: 73/75 MP: 7/7
  3566 | D:5      | Found a broken altar of Ashenzari.
  4208 | D:5      | Noticed Grinder
  4211 | D:5      | Paralysed by Grinder for 6 turns
  4227 | D:5      | Paralysed by Grinder for 7 turns
  4235 | D:5      | Killed Grinder
  4236 | D:5      | Reached skill level 7 in Armour
  5083 | D:5      | Reached XP level 9. HP: 64/84 MP: 8/8
  5527 | D:6      | Reached skill level 10 in Fighting
  5547 | D:6      | Found Zener's Antique Armour Shop.
  5880 | D:6      | Found a hide-covered altar of Uskayaw.
  6063 | D:6      | Found a staircase to the Ecumenical Temple.
  6069 | Temple   | Entered the Ecumenical Temple
  6079 | Temple   | Became a worshipper of Warmaster Okawaru
  6272 | D:7      | Noticed Pikel
  6302 | D:7      | Killed Pikel
  6302 | D:7      | Reached * piety under Okawaru
  6303 | D:7      | Reached skill level 8 in Armour
  6796 | D:7      | Found Seitugagu's General Store.
  6830 | D:7      | Reached ** piety under Okawaru
  6831 | D:7      | Reached XP level 10. HP: 96/96 MP: 9/9
  6838 | D:7      | Bought a scroll of identify for 24 gold pieces
  6838 | D:7      | Bought a scroll of magic mapping for 42 gold pieces
  6838 | D:7      | Bought a scroll of amnesia for 42 gold pieces
  6838 | D:7      | Bought a potion of brilliance for 48 gold pieces
  6838 | D:7      | Bought a potion of curing for 36 gold pieces
  6841 | D:7      | Noticed a two-headed ogre
  6848 | D:7      | Killed a two-headed ogre
  7232 | D:8      | Found Tyituo's Demolitions Depot.
  7455 | D:8      | Found Mickikh's Armour Shoppe.
  7469 | D:8      | Reached skill level 9 in Armour
  7482 | D:8      | Bought a +0 pair of boots of flying for 126 gold pieces
  7930 | D:8      | Found a hazy altar of Hepliaklqana.
  8040 | D:8      | Found a blossoming altar of Fedhas.
  8041 | D:8      | Found an ancient bone altar of Kikubaaqudgha.
  8192 | D:8      | Reached skill level 1 in Invocations
  8593 | D:9      | Reached *** piety under Okawaru
  8770 | D:9      | Got an ancient whip
  8772 | D:9      | Identified the +5 whip of Turmoil {drain, +Rage rN+ MP+9
                  | Str+4} (You found it on level 9 of the Dungeon)
  8877 | D:9      | Noticed a two-headed ogre
  8896 | D:9      | Killed a two-headed ogre
  9037 | D:9      | Got a fine platinum ring
  9679 | D:10     | Entered Level 10 of the Dungeon
  9819 | D:10     | Reached **** piety under Okawaru
  9896 | D:10     | Identified the ring "Sosyesif" {+Fly Dex+8} (You found it
                  | on level 9 of the Dungeon)
  9942 | D:10     | Reached XP level 11. HP: 105/105 MP: 12/12
 10310 | D:10     | Reached skill level 10 in Armour
 10311 | D:10     | Reached skill level 10 in Shields
 10807 | D:11     | Found a staircase to the Orcish Mines.
 10897 | D:11     | Reached skill level 5 in Invocations
 10953 | D:11     | Found a staircase to the Lair.
 10955 | D:11     | Upgraded the game from 0.26-b1-45-g23770d1d51 to
                  | 0.26.1-2-gb8aa6d0cf2
 10984 | D:11     | Reached ***** piety under Okawaru
 11171 | D:11     | Noticed a seven-headed hydra
 11419 | D:11     | Killed a seven-headed hydra
 11820 | D:12     | Noticed a white ugly thing
 11829 | D:11     | Reached skill level 10 in Axes
 11837 | D:11     | Killed a white ugly thing
 11845 | D:12     | Received a gift from Okawaru
 11927 | D:12     | Noticed Maurice
 11937 | D:12     | Killed Maurice
 11969 | D:12     | Found Dalaiv's Blood Bar.
 12369 | D:12     | Noticed a two-headed ogre
 12394 | D:12     | Killed a two-headed ogre
 12395 | D:12     | Reached XP level 12. HP: 107/115 MP: 15/17
 12447 | D:12     | Noticed a death knight
 12735 | D:12     | Killed a death knight
 13070 | D:13     | Found Totyck's General Store.
 13186 | D:8      | Bought a scarf of resistance for 352 gold pieces
 13333 | D:13     | Reached skill level 10 in Invocations
 13671 | D:13     | Found Bioj Wumn's Antique Armour Emporium.
 13700 | D:13     | Noticed a centaur warrior
 13710 | D:13     | Killed a centaur warrior
 13847 | D:13     | Received a gift from Okawaru
 13875 | D:13     | Noticed a vault guard
 13963 | D:13     | Noticed a boulder beetle
 14131 | D:13     | Killed a boulder beetle
 14288 | D:13     | Found an ancient bone altar of Kikubaaqudgha.
 14368 | D:13     | Noticed Snorg
 14382 | D:13     | Killed Snorg
 14773 | D:14     | Found a flagged portal.
 14818 | Bailey   | Entered a bailey
 15119 | D:14     | Identified a scroll of acquirement
 15127 | D:14     | Acquired a +2 kite shield of fire resistance
 15244 | D:14     | Noticed a centaur warrior
 15247 | D:14     | Killed a centaur warrior
 15248 | D:14     | Reached skill level 15 in Fighting
 15248 | D:14     | Reached XP level 13. HP: 126/126 MP: 19/19
 16282 | D:14     | Received a gift from Okawaru
 16505 | D:14     | Noticed Frances
 16532 | D:14     | Killed Frances
 16635 | D:15     | Entered Level 15 of the Dungeon
 16862 | D:14     | Noticed Josephine
 16879 | D:14     | Killed Josephine
 17522 | D:15     | Found a portal to a secret trove of treasure.
 17722 | D:15     | Found a staircase to the Depths.
 17722 | D:15     | Noticed a frost giant
 17744 | D:15     | Killed a frost giant
 18108 | D:15     | Reached ****** piety under Okawaru
 18109 | D:15     | Reached XP level 14. HP: 141/141 MP: 20/20
 18513 | Orc:1    | Entered Level 1 of the Orcish Mines
 18516 | Orc:1    | Paralysed by an orc sorcerer for 4 turns
 18676 | Orc:1    | Found a transporter.
 18718 | Orc:1    | Noticed toph's ghost (journeyman GrFi)
 18720 | Orc:1    | Identified the cursed +3 great mace "Widowermaker" {pain,
                  | rC+ Stlth+}
 18723 | Orc:1    | Found a transporter.
 18795 | Orc:1    | Found Rigepl Viul's Weapon Shop.
 18914 | Orc:2    | Entered Level 2 of the Orcish Mines
 18925 | Orc:2    | Received a gift from Okawaru
 18926 | Orc:2    | Got a transparent plate armour {god gift}
 18947 | Orc:1    | Identified the +0 plate armour of Elyorusi {Will+ Int+3}
                  | (Okawaru gifted it to you on level 2 of the Orcish Mines)
 19072 | Orc:2    | Found a staircase to the Elven Halls.
 19549 | Orc:2    | Found Tunibuhi's Armour Emporium.
 19549 | Orc:2    | Found Jotit's Jewellery Emporium.
 19552 | Orc:2    | Found Leng's Assorted Antiques.
 19552 | Orc:2    | Found Jaucsy Ipoa's Jewellery Shoppe.
 19574 | Orc:2    | Bought a viscous black potion for 24 gold pieces
 19576 | Orc:2    | Bought a cursed amulet of inaccuracy for 34 gold pieces
 20172 | Lair:1   | Entered Level 1 of the Lair of Beasts
 21225 | Lair:2   | Found a hole to the Spider Nest.
 21368 | Lair:2   | Found a staircase to the Swamp.
 21586 | Lair:2   | Paralysed by a floating eye for 4 turns
 22922 | Lair:4   | Received a gift from Okawaru
 23073 | Lair:4   | Acquired a manual of Armour
 23075 | Lair:4   | Acquired a manual of Shields
 23792 | Lair:4   | Reached skill level 15 in Axes
 24255 | Lair:5   | Reached skill level 11 in Armour
 24604 | Lair:5   | Noticed Nessos
 24613 | Lair:5   | Killed Nessos
 24845 | Lair:6   | Entered Level 6 of the Lair of Beasts
 24853 | Lair:6   | Reached XP level 15. HP: 155/155 MP: 21/21
 24853 | Lair:6   | Received a gift from Okawaru
 25136 | Lair:6   | Reached skill level 12 in Armour
 25263 | Lair:6   | Found a staircase to the Slime Pits.
 25334 | Lair:6   | Reached skill level 13 in Armour
 25367 | Lair:6   | Found a runed translucent gate.
 25368 | Lair:6   | Found a runed translucent gate.
 25369 | Lair:6   | Found a runed translucent gate.
 25372 | Lair:6   | Found a viscous altar of Jiyva.
 25372 | Lair:6   | Noticed Jipob's ghost (adept MiBe)
 25439 | Lair:6   | Received a gift from Okawaru
 26205 | Lair:6   | Reached skill level 14 in Armour
 26406 | Lair:6   | Received a gift from Okawaru
 28149 | Orc:1    | Bought a +1 hand crossbow of freezing for 226 gold pieces
 28887 | Lair:6   | Reached skill level 15 in Shields
 28898 | Lair:6   | Reached skill level 15 in Armour
 29789 | D:13     | Found a gate to the Vaults.
 29966 | Swamp:1  | Entered Level 1 of the Swamp
 29995 | Swamp:1  | Reached skill level 16 in Armour
 30193 | Swamp:1  | Received a gift from Okawaru
 30599 | Lair:2   | Reached XP level 16. HP: 140/162 MP: 22/22
 30638 | Swamp:1  | Got an ichor-stained double sword {god gift}
 30639 | Swamp:1  | Identified the +11 double sword of the Swamp {vorpal,
                  | Dex+4} (Okawaru gifted it to you on level 1 of the Swamp)
 31414 | Swamp:1  | Reached skill level 17 in Armour
 32676 | Swamp:3  | Reached skill level 1 in Evocations
 33020 | Swamp:3  | Received a gift from Okawaru
 33228 | Swamp:3  | Reached skill level 18 in Armour
 34186 | Swamp:3  | Identified the +4 trident "Emixif" {vorpal, rPois rF+
                  | Stlth+}
 34840 | Swamp:4  | Entered Level 4 of the Swamp
 35866 | Swamp:4  | Received a gift from Okawaru
 36325 | Swamp:4  | Reached skill level 19 in Armour
 36933 | Swamp:4  | Got a decaying rune of Zot
 37337 | Elf:1    | Entered Level 1 of the Elven Halls
 37362 | Elf:1    | Reached skill level 5 in Evocations
 37362 | Elf:1    | Reached XP level 17. HP: 81/170 MP: 23/23
 37797 | Elf:1    | Received a gift from Okawaru
 38205 | Elf:1    | Reached skill level 20 in Armour
 38461 | Elf:1    | Noticed Yddi's ghost (adept TeSu)
 38533 | Elf:1    | Found a runed translucent gate.
 38533 | Elf:1    | Found a runed translucent gate.
 38534 | Elf:1    | Found a runed translucent gate.
 38696 | Elf:1    | Gained mutation: Scrolls take you a little longer to read.
                  | [a neqoxec]
 38697 | Elf:1    | Gained mutation: Scrolls take you longer to read. [a
                  | neqoxec]
 38723 | Elf:1    | Reached skill level 1 in Crossbows
 38723 | Elf:1    | Reached skill level 1 in Dodging
 38777 | Elf:1    | Identified Faupyn's Compendium of Battle Magic
 38923 | Elf:1    | Found Hosad's Magic Scroll Emporium.
 38926 | Elf:1    | Bought 3 scrolls of enchant weapon for 427 gold pieces
 38926 | Elf:1    | Bought a scroll of blinking for 142 gold pieces
 38926 | Elf:1    | Bought a scroll of enchant weapon for 142 gold pieces
 38926 | Elf:1    | Bought 3 scrolls of blinking for 427 gold pieces
 38926 | Elf:1    | Bought a scroll of brand weapon for 380 gold pieces
 39212 | Elf:2    | Received a gift from Okawaru
 39633 | Elf:2    | Found a runed translucent gate.
 39633 | Elf:2    | Found a runed translucent gate.
 39633 | Elf:2    | Found a runed translucent gate.
 39798 | Elf:2    | Reached skill level 5 in Crossbows
 39798 | Elf:2    | Reached skill level 5 in Dodging
 39907 | Elf:2    | Noticed an Ice Fiend
 40268 | Elf:2    | Received a gift from Okawaru
 40315 | Elf:2    | Received a gift from Okawaru
 40591 | Elf:2    | Reached XP level 18. HP: 178/178 MP: 24/24
 40695 | Elf:3    | Entered Level 3 of the Elven Halls
 40742 | Elf:3    | Noticed Louise
 40770 | Elf:3    | Found Turphaj's Assorted Antiques.
 40785 | Elf:3    | Killed Louise
 40813 | Elf:3    | Bought a potion of heal wounds for 190 gold pieces
 40813 | Elf:3    | Bought a scroll of enchant weapon for 285 gold pieces
 41219 | Elf:3    | Noticed a Hell Sentinel
 41243 | Elf:3    | Noticed a Brimstone Fiend
 41440 | Elf:3    | Received a gift from Okawaru
 41501 | Elf:3    | Identified the amulet "Posick" {Acrobat Int+3}
 41504 | Elf:3    | Identified the +2 whip of the Wilderness {venom, *Drain rF+
                  | Dex+7}
 41548 | Elf:3    | Gained mutation: You are dopey. (Int -2) [a cacodemon]
 41644 | Elf:3    | Identified the ring of Uthrumuocs {*Corrode rN+ Int+7}
 41672 | Elf:3    | Got a pair of heavily runed gloves
 41685 | Elf:3    | Identified the +0 pair of gloves "Ladey" {Harm rC+} (You
                  | found it on level 3 of the Elven Halls)
 41702 | Elf:3    | Identified the Almanac of Toxins and Darkness
 41709 | Elf:3    | Got a transparent lapis lazuli ring
 41712 | Elf:3    | Got a flickering silver ring
 41741 | Elf:3    | Identified the ring of Moderation {rC- Str+8 Int+6 SInv
                  | Stlth+} (You found it on level 3 of the Elven Halls)
 41743 | Elf:3    | Identified the ring "Ninat" {rF- Will+ Int+2 Dex+4} (You
                  | found it on level 3 of the Elven Halls)
 41922 | Elf:3    | Identified the +6 hand axe of Accord {freeze, rElec rC-
                  | Int+2}
 43066 | D:11     | Lost mutation: You are dopey. (Int -2) [potion of mutation]
 43066 | D:11     | Lost mutation: Scrolls take you longer to read. [potion of
                  | mutation]
 43066 | D:11     | Lost mutation: Scrolls take you a little longer to read.
                  | [potion of mutation]
 43066 | D:11     | Gained mutation: You have sharp fingernails. [potion of
                  | mutation]
 43066 | D:11     | Gained mutation: Your body sometimes deteriorates upon
                  | taking damage. [potion of mutation]
 43066 | D:11     | Gained mutation: You are frail. (-10% HP) [potion of
                  | mutation]
 43066 | D:11     | Gained mutation: You have large cloven feet. [potion of
                  | mutation]
 43067 | D:11     | Lost mutation: You have large cloven feet. [potion of
                  | mutation]
 43067 | D:11     | Lost mutation: Your body sometimes deteriorates upon taking
                  | damage. [potion of mutation]
 43067 | D:11     | Gained mutation: You do not regenerate when monsters are
                  | visible. [potion of mutation]
 43067 | D:11     | Gained mutation: Your mind is acute. (Int +2) [potion of
                  | mutation]
 43067 | D:11     | Lost mutation: Your mind is acute. (Int +2) [potion of
                  | mutation]
 43067 | D:11     | Gained mutation: You are partially covered in large bone
                  | plates. (SH +4) [potion of mutation]
 43068 | D:11     | Lost mutation: You do not regenerate when monsters are
                  | visible. [potion of mutation]
 43068 | D:11     | Lost mutation: You are frail. (-10% HP) [potion of
                  | mutation]
 43068 | D:11     | Gained mutation: You have a pair of large horns on your
                  | head. [potion of mutation]
 43068 | D:11     | Gained mutation: You are partially covered in yellow
                  | scales. (AC +2) [potion of mutation]
 43215 | Depths:1 | Entered Level 1 of the Depths
 43785 | Depths:1 | Found a one-way gate leading to the halls of Pandemonium.
 43803 | Depths:1 | Reached XP level 19. HP: 144/185 MP: 0/25
 43973 | Depths:1 | Noticed the Enchantress
 43985 | Depths:1 | Received a gift from Okawaru
 44009 | Depths:1 | Killed the Enchantress
 44009 | Depths:1 | Received a gift from Okawaru
 44277 | Depths:1 | Noticed Aizul
 44297 | Depths:1 | Killed Aizul
 44862 | Depths:1 | Found a gateway to Hell.
 44909 | Depths:1 | Found a one-way gate to the infinite horrors of the Abyss.
 45019 | Depths:1 | Received a gift from Okawaru
 45020 | Depths:1 | Got a dazzling ring mail {god gift}
 45059 | Depths:1 | Found a shimmering altar of Xom.
 45071 | Depths:1 | Identified the +5 ring mail "Zanost" {Regen+} (Okawaru
                  | gifted it to you on level 1 of the Depths)
 45783 | Depths:2 | Found Wemi's Gadget Shoppe.
 45785 | Depths:2 | Found Ikeink's Jewellery Boutique.
 45786 | Depths:2 | Found Raggeokh's Gadget Shoppe.
 45985 | Depths:2 | Received a gift from Okawaru
 46107 | Depths:2 | Reached XP level 20. HP: 193/193 MP: 28/28
 46483 | Depths:3 | Noticed Boris
 46500 | Depths:3 | Killed Boris
 46602 | Depths:3 | Received a gift from Okawaru
 46653 | Depths:3 | Found a gateway to a ziggurat.
 46726 | Depths:3 | Reached skill level 10 in Evocations
 47431 | Depths:3 | Received a gift from Okawaru
 47990 | Depths:3 | Noticed a caustic shrike
 47997 | Depths:3 | Cast into level 4 of the Abyss (a lich)
 48077 | Abyss:4  | Paralysed by accursed screaming for 1 turns
 48081 | Abyss:4  | Reached skill level 15 in Invocations
 48234 | Abyss:4  | Noticed a bone dragon
 48241 | Abyss:4  | Killed a bone dragon
 48574 | Depths:3 | Escaped the Abyss
 48576 | Depths:3 | Found the +2 shield of Resistance {rF++ rC++ Will++}
 48579 | Depths:3 | Received a gift from Okawaru
 48585 | Depths:3 | Killed a caustic shrike
 48586 | Depths:3 | Reached XP level 21. HP: 169/201 MP: 31/31
 48592 | Depths:3 | Reached skill level 10 in Dodging
 48637 | Depths:3 | Got a clouded bronze ring
 48643 | Depths:3 | Identified the ring "Geuxeu" {Fire Dex-3 Slay+5} (You found
                  | it on level 3 of the Depths)
 49037 | Depths:4 | Received a gift from Okawaru
 49177 | Depths:4 | Identified the Incunabulum of Translocation
 49231 | Depths:4 | Noticed a golden dragon
 49249 | Depths:4 | Killed a golden dragon
 49672 | Depths:4 | Identified the Incunabulum of Transmutation
 50047 | Depths:4 | Identified the Compendium of Curses
 50142 | Depths:4 | Reached skill level 15 in Dodging
 50455 | Depths:4 | Received a gift from Okawaru
 50768 | Depths:4 | Identified the Collected Works on Black Rites
 50838 | Depths:4 | Identified the Papyrus of Earth
 50962 | Depths:5 | Entered Level 5 of the Depths
 50978 | Depths:5 | Noticed a juggernaut
 51005 | Depths:5 | Killed a juggernaut
 51059 | Depths:5 | Reached XP level 22. HP: 209/209 MP: 32/32
 51175 | Depths:5 | Received a gift from Okawaru
 51292 | Depths:5 | Received a gift from Okawaru
 51309 | Depths:5 | Found a gate to the Realm of Zot.
 51412 | Depths:5 | Noticed a juggernaut
 51432 | Depths:5 | Killed a juggernaut
 51579 | Depths:5 | Identified Sif Muna's Tome of the Mountains and Poisoning
 51873 | Depths:5 | Noticed a golden dragon
 51884 | Depths:5 | Killed a golden dragon
 51999 | Depths:5 | Received a gift from Okawaru
 52050 | Depths:5 | Received a gift from Okawaru
 52493 | Vaults:1 | Entered Level 1 of the Vaults
 52695 | Vaults:1 | Found Ziofehei's Assorted Antiques.
 52709 | Vaults:1 | Bought a scroll of teleportation for 102 gold pieces
 52709 | Vaults:1 | Bought a scroll of teleportation for 102 gold pieces
 52709 | Vaults:1 | Bought a scroll of teleportation for 102 gold pieces
 53186 | Vaults:1 | Found a shadowy altar of Dithmenos.
 53235 | Vaults:1 | Received a gift from Okawaru
 53243 | Vaults:1 | Got a shimmering hand crossbow {god gift}
 53244 | Vaults:1 | Identified the +1 hand crossbow "Hiasenur" {vorpal, rF+
                  | Stlth+} (Okawaru gifted it to you on level 1 of the Vaults)
 53285 | Vaults:1 | You are sucked into a shaft and drop 1 floor!
 53343 | Vaults:2 | Found a staircase to the Crypt.
 53355 | Vaults:2 | Reached XP level 23. HP: 166/214 MP: 34/34
 53482 | Vaults:2 | Found Haleappo's General Store.
 53969 | Vaults:2 | Identified the cursed ring of Mychev {*Drain rC++ rN+++
                  | AC-4 Int-2}
 54232 | Vaults:2 | Received a gift from Okawaru
 54372 | Vaults:2 | Found Xetaca's Weapon Boutique.
 55192 | Vaults:1 | Found a transporter.
 55210 | Vaults:1 | Found a transporter.
 55242 | Vaults:1 | Received a gift from Okawaru
 55270 | Vaults:1 | Received a gift from Okawaru
 55296 | Vaults:1 | Got a slimy graven amulet
 55416 | Vaults:1 | Identified the amulet "Fiusipab" {Acrobat +Inv Str+2
                  | Stlth-} (You found it on level 1 of the Vaults)
 55476 | Vaults:2 | Found Xorph's Antique Weapon Shoppe.
 55979 | Vaults:3 | Received a gift from Okawaru
 55982 | Vaults:3 | Reached skill level 15 in Evocations
 55998 | Vaults:3 | Got a crude plate armour {god gift}
 55999 | Vaults:3 | Identified the +3 plate armour "Voabeym" {rN+ Str-3 Dex+6}
                  | (Okawaru gifted it to you on level 3 of the Vaults)
 56356 | Vaults:3 | Found Ylluvoer's Weapon Emporium.
 56726 | Vaults:4 | Found Tasmeu's Magic Scroll Shop.
 56811 | Vaults:4 | Bought a scroll of identify for 36 gold pieces
 56811 | Vaults:4 | Bought a scroll of identify for 36 gold pieces
 56811 | Vaults:4 | Bought a scroll of identify for 36 gold pieces
 56969 | Vaults:4 | Found Lugypn's Weapon Emporium.
 57225 | Vaults:4 | Reached XP level 24. HP: 224/224 MP: 35/35
 57543 | Vaults:4 | Found Xafemad's Magic Scroll Shop.
 57567 | Vaults:4 | Noticed Boris
 57578 | Vaults:4 | Killed Boris
 57652 | Vaults:4 | Bought a scroll of magic mapping for 77 gold pieces
 57652 | Vaults:4 | Bought a scroll of teleportation for 66 gold pieces
 57652 | Vaults:4 | Bought a scroll of teleportation for 66 gold pieces
 57652 | Vaults:4 | Bought a scroll of enchant weapon for 165 gold pieces
 57763 | Vaults:4 | Received a gift from Okawaru
 58046 | Vaults:4 | Noticed Bai Suzhen
 58060 | Vaults:4 | Killed Bai Suzhen
 58279 | Vaults:4 | Found Qeata's Distillery.
 58310 | Vaults:4 | Found Wexzucuc's Antique Armour Shoppe.
 58358 | Vaults:5 | Entered Level 5 of the Vaults
 58409 | Vaults:5 | Paralysed by a hornet for 1 turns
 58595 | Vaults:5 | Received a gift from Okawaru
 58646 | Vaults:5 | Received a gift from Okawaru
 58705 | Vaults:5 | Reached skill level 21 in Armour
 58710 | Vaults:5 | Noticed an ancient lich
 58731 | Vaults:5 | Killed an ancient lich
 58757 | Vaults:5 | Reached XP level 25. HP: 235/235 MP: 36/36
 58788 | Vaults:5 | Noticed Boris
 58810 | Vaults:5 | Killed Boris
 59267 | Vaults:5 | Identified the +6 glaive of Niaxt {venom, Dex+3 Stlth+}
 59297 | Vaults:5 | Got a silver rune of Zot
 59457 | Vaults:5 | Identified the ring of Geptuor {Str+6 Dex+7}
 59504 | Vaults:5 | Identified the ring of Cigyunie {Fire rPois Will+}
 59559 | Vaults:5 | Got a heavily runed lapis lazuli ring
 59561 | Vaults:5 | Identified the ring "Qisirel" {Will- Str+6 Int+6 Stlth+}
                  | (You found it on level 5 of the Vaults)
 59622 | Vaults:5 | Received a gift from Okawaru
 59837 | Vaults:5 | Identified the Papyrus of Igneous Intoxication
 60603 | D:15     | You paid a toll of a +6 demon trident to enter a treasure
                  | trove
 60604 | Trove    | Entered a treasure trove
 60617 | Trove    | Got a coiled steel ring
 60619 | Trove    | Got a brightly glowing granite ring
 60623 | Trove    | Got a warped glass ring
 60629 | Trove    | Got a fine silver ring
 60631 | Trove    | Got a scorched platinum ring
 60633 | Trove    | Got a flickering brass amulet
 60635 | Trove    | Got a translucent copper amulet
 60647 | Trove    | Identified the ring "Ecwoka" {rN+ Str+3 Dex+6} (You found
                  | it in a treasure trove)
 60648 | Trove    | Identified the ring "Rosoyzai" {Wiz rF+ rC+ Will+ Slay+3}
                  | (You found it in a treasure trove)
 60649 | Trove    | Identified the amulet of Laorgh {Faith rPois Will- Dex+4}
                  | (You found it in a treasure trove)
 60650 | Trove    | Identified the amulet of Dyestri {Faith *Drain rElec
                  | Str+10} (You found it in a treasure trove)
 60659 | Trove    | Identified the amulet "Enuerita" {rN+ Regen+ Str+3 Slay+3}
                  | (You found it in a treasure trove)
 60684 | Trove    | Identified the ring of Xom's Whimsicality {Will+ EV+4} (You
                  | found it in a treasure trove)
 60685 | Trove    | Identified the ring "Ifeest" {Ice SInv} (You found it in a
                  | treasure trove)
 60686 | Trove    | Identified the ring of Eveaj {Will++ Dex+6 Stlth-} (You
                  | found it in a treasure trove)
 60988 | Crypt:1  | Entered Level 1 of the Crypt
 61533 | Crypt:1  | Received a gift from Okawaru
 61673 | Crypt:1  | Noticed Boris
 61687 | Crypt:1  | Killed Boris
 62433 | Crypt:2  | Identified the ring "Koaguaco" {rF+ rN+ MP+9 Int-2 Dex+2
                  | Stlth+}
 63284 | Crypt:2  | Noticed Donald
 63293 | Crypt:2  | Killed Donald
 64359 | Crypt:3  | Entered Level 3 of the Crypt
 64402 | Crypt:3  | Reached skill level 22 in Armour
 64913 | Crypt:3  | Found the +8 demon blade "Leech" {vamp, *Rage +Rage rN+}
 64915 | Crypt:3  | Noticed an ancient lich
 64928 | Crypt:3  | Killed an ancient lich
 64946 | Crypt:3  | Identified the Compendium of Supportive Lightness
 65068 | Crypt:3  | Received a gift from Okawaru
 65122 | Crypt:3  | Found an ancient bone altar of Kikubaaqudgha.
 65208 | Crypt:3  | Reached XP level 26. HP: 243/244 MP: 36/36
 65444 | Crypt:3  | Found a staircase to the Tomb.
 65868 | Crypt:3  | Found the +8 Wrath of Trog {antimagic, *Rage}
 66544 | Tomb:1   | Entered Level 1 of the Tomb of the Ancients
 67409 | Tomb:1   | Noticed a royal mummy
 67420 | Tomb:1   | Killed a royal mummy
 67728 | Tomb:1   | Noticed a royal mummy
 67729 | Tomb:1   | Noticed a royal mummy
 67729 | Tomb:1   | Noticed a royal mummy
 67729 | Tomb:1   | Noticed a royal mummy
 67730 | Tomb:1   | Noticed a royal mummy
 67730 | Tomb:1   | HP: 11/242 [royal mummy/divine providence (11)]
 67731 | Tomb:1   | Noticed a royal mummy
 67731 | Tomb:1   | HP: 4/242 [royal mummy/divine providence (12)]
 69009 | Tomb:1   | Noticed a royal mummy
 69036 | Tomb:1   | Killed a royal mummy
 69765 | Spider:1 | Entered Level 1 of the Spider Nest
 69961 | Spider:1 | Received a gift from Okawaru
 69964 | Spider:1 | Got a glimmering broad axe {god gift}
 69965 | Spider:1 | Identified the +5 broad axe of Okawaru's Hope {vorpal,
                  | Str+2 Dex+3 Stlth-} (Okawaru gifted it to you on level 1 of
                  | the Spider Nest)
 71304 | Spider:2 | Identified the +2 long sword of the Boar {elec, *Noise
                  | rPois rF+ Stlth+} (You found it on level 2 of the Spider
                  | Nest)
 72587 | Spider:4 | Entered Level 4 of the Spider Nest
 73427 | Spider:4 | Received a gift from Okawaru
 73628 | Spider:4 | Received a gift from Okawaru
 73806 | Spider:4 | Got a gossamer rune of Zot
 74280 | Hell     | Entered the Vestibule of Hell
 74280 | Hell     | Noticed Geryon
 74288 | Hell     | Noticed Murray
 74691 | Depths:1 | Killed Murray
 74703 | Depths:1 | Reached XP level 27. HP: 228/254 MP: 23/36
 75160 | Hell     | Killed Geryon
 75161 | Hell     | Reached skill level 1 in Stealth
 75176 | Hell     | Received a gift from Okawaru
 75279 | Hell     | Found a gateway to the freezing wastes of Cocytus.
 75349 | Hell     | Found a gateway to the Iron City of Dis.
 75358 | Hell     | Reached skill level 5 in Stealth
 75387 | Hell     | Found a gateway to the ashen valley of Gehenna.
 75460 | Hell     | Found a gateway to the decaying netherworld of Tartarus.
 75614 | Coc:1    | Entered Level 1 of Cocytus
 76381 | Coc:3    | Received a gift from Okawaru
 76787 | Coc:4    | Reached skill level 10 in Stealth
 76793 | Coc:4    | Reached skill level 1 in Spellcasting
 77667 | Coc:6    | Reached skill level 5 in Spellcasting
 77701 | Coc:7    | Entered Level 7 of Cocytus
 78359 | Coc:7    | Received a gift from Okawaru
 78373 | Coc:7    | Received a gift from Okawaru
 78376 | Coc:7    | Got a fine cloak {god gift}
 78499 | Coc:7    | Identified the +0 cloak "Loyhehaq" {rCorr} (Okawaru gifted
                  | it to you on level 7 of Cocytus)
 78806 | Coc:7    | HP: 2/254 [blizzard demon/the air (32)]
 79346 | Coc:7    | Reached skill level 10 in Spellcasting
 80019 | Coc:7    | Noticed Antaeus
 80060 | Coc:7    | Killed Antaeus
 80262 | Coc:7    | Identified the Collected Works on the Frigorific Mountains
 80291 | Coc:7    | Got a faintly glowing golden ring
 80344 | Coc:7    | Found the +27 Lear's hauberk
 80386 | Coc:7    | Got an icy rune of Zot
 80506 | Coc:7    | Identified the ring of Deobid {rPois rF+ Str+4 Int-2} (You
                  | found it on level 7 of Cocytus)
 80570 | Hell     | Learned a level 2 spell: Blink
 80578 | Hell     | Learned a level 2 spell: Wereblood
 80582 | Hell     | Learned a level 2 spell: Passwall
 80606 | Geh:1    | Entered Level 1 of Gehenna
 80983 | Geh:1    | Received a gift from Okawaru
 82835 | Geh:2    | Received a gift from Okawaru
 83182 | Geh:2    | Received a gift from Okawaru
 83183 | Geh:2    | Got a slimy scale mail {god gift}
 83184 | Geh:2    | Identified the +1 scale mail of Luefounat {-Tele rElec
                  | rPois rC-} (Okawaru gifted it to you on level 2 of Gehenna)
 83389 | Geh:3    | Reached skill level 15 in Spellcasting
 83389 | Geh:3    | Reached skill level 1 in Transmutations
 83902 | Geh:3    | Reached skill level 5 in Transmutations
 85990 | Geh:4    | Received a gift from Okawaru
 86069 | Geh:4    | Reached skill level 10 in Transmutations
 86086 | Geh:4    | Learned a level 6 spell: Statue Form
 86130 | Geh:4    | Received a gift from Okawaru
 86156 | Geh:4    | Got an ancient plate armour {god gift}
 86160 | Geh:4    | Identified the +1 plate armour "Lasoh" {Will+} (Okawaru
                  | gifted it to you on level 4 of Gehenna)
 88725 | Geh:6    | Received a gift from Okawaru
 89552 | Geh:7    | Entered Level 7 of Gehenna
 89683 | Geh:7    | Reached skill level 15 in Transmutations
 90318 | Geh:7    | Received a gift from Okawaru
 90444 | Geh:7    | Received a gift from Okawaru
 91455 | Geh:7    | Received a gift from Okawaru
 91456 | Geh:7    | Got a fading war axe {god gift}
 91457 | Geh:7    | Identified the +5 war axe of Dissent {vorpal, *Noise +Rage
                  | rElec rN++} (Okawaru gifted it to you on level 7 of
                  | Gehenna)
 91489 | Geh:7    | Found the +7 sceptre of Asmodeus
 91489 | Geh:7    | Noticed Asmodeus
 91526 | Geh:7    | Killed Asmodeus
 91541 | Geh:7    | Got an obsidian rune of Zot
 91546 | Geh:7    | Got a crystal whip
 91547 | Geh:7    | Identified the +1 whip "Riocupt" {vorpal, +Blink rElec rC+
                  | Str+2} (You found it on level 7 of Gehenna)
 91791 | Geh:7    | Identified the Collected Works on Enchantment and Stolen
                  | Souls
 92107 | Tar:1    | Entered Level 1 of Tartarus
 92580 | Tar:1    | Reached skill level 23 in Armour
 92995 | Tar:1    | Received a gift from Okawaru
 93097 | Tar:1    | Reached skill level 24 in Armour
 93131 | Tar:1    | Received a gift from Okawaru
 93842 | Tar:1    | Reached skill level 25 in Armour
 93845 | Tar:1    | Received a gift from Okawaru
 94809 | Tar:2    | Reached skill level 26 in Armour
 96482 | Tar:3    | You are sucked into a shaft and drop 3 floors!
 96523 | Tar:6    | Reached skill level 27 in Armour
 96591 | Tar:6    | Received a gift from Okawaru
 98507 | Tar:3    | Received a gift from Okawaru
 98530 | Tar:3    | Got a pair of twisted boots {god gift}
 98545 | Tar:3    | Identified the +2 pair of boots of Zicseze {rPois rN+}
                  | (Okawaru gifted it to you on level 3 of Tartarus)
100007 | Tar:4    | Received a gift from Okawaru
100476 | Tar:5    | Received a gift from Okawaru
100751 | Tar:5    | Received a gift from Okawaru
101263 | Tar:7    | Entered Level 7 of Tartarus
101289 | Tar:7    | Noticed an ancient lich
101296 | Tar:7    | Killed an ancient lich
101296 | Tar:7    | Received a gift from Okawaru
101475 | Tar:7    | Got a transparent ruby amulet
101632 | Tar:7    | Identified the amulet "Leceghis" {Reflect rPois rF+ Str+2
                  | SH+5} (You found it on level 7 of Tartarus)
102065 | Tar:7    | Received a gift from Okawaru
102326 | Tar:7    | Got a sparkling pewter ring
102329 | Tar:7    | Got a fine turquoise ring
102331 | Tar:7    | Identified the ring of Tomorrow {rF+ rC+} (You found it on
                  | level 7 of Tartarus)
102333 | Tar:7    | Identified the ring "Utitismo" {rElec Will+ Str+6 Slay+6}
                  | (You found it on level 7 of Tartarus)
102392 | Tar:7    | Learned a level 8 spell: Necromutation
102425 | Tar:7    | Received a gift from Okawaru
102426 | Tar:7    | Reached skill level 1 in Necromancy
102701 | Tar:7    | Noticed the Serpent of Hell
102715 | Tar:7    | Killed the Serpent of Hell
102723 | Tar:7    | Reached skill level 5 in Necromancy
102723 | Tar:7    | Received a gift from Okawaru
102754 | Tar:7    | Noticed Ereshkigal
103145 | Tar:3    | You fall into a shaft and drop 2 floors!
104468 | Tar:7    | Killed Ereshkigal
104491 | Tar:7    | Got a bone rune of Zot
104701 | Dis:1    | Entered Level 1 of the Iron City of Dis
104849 | Dis:1    | Received a gift from Okawaru
105784 | Dis:2    | Reached skill level 10 in Necromancy
106620 | Dis:2    | Received a gift from Okawaru
108273 | Dis:4    | Received a gift from Okawaru
109075 | Dis:5    | Received a gift from Okawaru
109182 | Dis:5    | HP: 6/254 [hellion/damnation (31)]
110210 | Dis:6    | Received a gift from Okawaru
110227 | Dis:6    | Identified a +1 pair of boots of running (Okawaru gifted it
                  | to you on level 6 of the Iron City of Dis)
110389 | Dis:6    | Reached skill level 15 in Necromancy
110698 | Dis:7    | Entered Level 7 of the Iron City of Dis
112202 | Dis:7    | Gained mutation: Your magical capacity is low. (-10% MP)
                  | [mutagenic glow]
112212 | Dis:7    | Gained mutation: You occasionally shout uncontrollably at
                  | your foes. [mutagenic glow]
112222 | Dis:7    | Gained mutation: You are clumsy. (Dex -2) [mutagenic glow]
112237 | Dis:7    | Gained mutation: Your spells are a little easier to cast,
                  | but a little less powerful. [mutagenic glow]
112238 | Dis:7    | Killed from afar by a Hell Sentinel

Illustrated notes

Levels and vault maps discovered:
D:1:      erik_arrival_cave_to_civilisation [erik_arrival_cave_to_hall],
          layout_basic, chequers_mini_garden
D:2:      layout_basic, nicolae_qazlal_general_emergency
D:3:      layout_basic, nemelex_xobeh_ov_fountains_minmay,
          makhleb_blood_cavern_becter, uniq_terence
D:4:      layout_gridville, lemuel_doored_altar, nicolae_overflow_hidden_temple,
          enter_ossuary_3, hangedman_ru_absence, uniq_robin, uniq_edmund
D:5:      cheibrodos_two_vegetables, layout_loops_ring, basic_altar,
          gammafunk_ghost_nasty_kobolds, minmay_misc_feat_iff,
          nrook_pool_corridor, minmay_door_square, uniq_blork_the_orc,
          uniq_grinder
D:6:      layout_cave_pools, nicolae_overflow_crystal_walls,
          minmay_temple_entry_fiery, serial_shops, shop
D:7:      layout_rooms, serial_shops, shop, lightli_corner_chamber, uniq_pikel
D:8:      layout_loops_corners, grunt_temple_overflow_growth_and_decay,
          basic_altar, minmay_misc_feat_ornament, minmay_gold_behind_fungi,
          nicolae_blasting_shop, kennysheep_windowed_goal
D:9:      cheibrodos_fzero, layout_small_grid, minivault_5,
          kennysheep_minor_cross
D:10:     layout_irregular_city
D:11:     layout_roguey, david_lair_generic, hiddenorc2_lemuel,
          kennysheep_opposing_triangles
D:12:     layout_gridville, guppyfry_shop_blood, uniq_maurice
D:13:     layout_long_grid, grunt_vaults_entry_fortified, serial_shops,
          kennysheep_mini_moat, shop, lemuel_mausoleum_altar_kikubaaqudgha,
          uniq_snorg
D:14:     layout_long_grid, enter_bailey_5, roderic_lattice_a, uniq_frances,
          uniq_josephine
D:15:     grunt_enter_depths_snipers, layout_irregular_city,
          nicolae_trove_entry_diagonal, hangedman_decor_points
Temple:   compressed_dpeg_circular_temple
Lair:1:   layout_layer_cave
Lair:2:   layout_regular_city, minmay_swamp_entry_worms,
          nicolae_spider_entry_orb_guardian, disabler_island,
          lemuel_fruit_fields
Lair:3:   layout_gridlike
Lair:4:   layout_cave_pods
Lair:5:   layout_regular_city, lemuel_fruit_tree, infiniplex_staircase_pool,
          uniq_nessos
Lair:6:   due_jungle_book, layout_big_grid, slime_dummy, gammafunk_ghost_ooze,
          kennysheep_abandoned_house, minmay_lair_oklob_chamber
Swamp:1:  layout_falls_marsh, wheals_swamp_sinkhole, swamp_pool2,
          nicolae_swamp_treefoil
Swamp:2:  layout_basic_swamp, hangedman_swamp_ruin_hall, swamp_pool4,
          nicolae_swamp_little_tower
Swamp:3:  layout_basic_swamp, evilmike_swamp_ruin_house_2, hangedman_swamp_dais
Swamp:4:  swamp, layout_basic_swamp, swamp_pool1, nicolae_swamp_trees_clearing
Spider:1: layout_chambers
Spider:2: layout_spider_delve, nicolae_spider_webs_and_nodes
Spider:3: layout_chambers, hangedman_spider_tarantella_strand
Spider:4: floodkiller_spider_rune_tomb
Orc:1:    layout_caves, serial_shops, shop, gammafunk_ghost_smash
Orc:2:    st_orc_mages, layout_caves
Elf:1:    elf_arrival_002, layout_onion_city, serial_shops,
          nicolae_shop_window_shopping, gammafunk_ghost_split,
          minmay_elf_sorcery, minivault_28
Elf:2:    layout_gridlike, hangedman_elf_represent
Elf:3:    grunt_elf_hall_branching, layout_geoelf_grid, serial_shops,
          shop_statue, nrook_mini_backslash, uniq_louise
Vaults:1: v_misc_18, grunt_vaults_twisty, v_rooms_2, gammafunk_the_bubble
          [the_bubble_gammafunk_plus_minus], dpeg_vaults_monster_row,
          dpeg_vaults_monster_box, nicolae_vaults_asterisk,
          ontoclasm_vaults_twist, nicolae_vaults_circle_grid_b,
          vaults_mumra_hex, nicolae_vaults_little_squares_5,
          vaults_dpeg_encased_lava, layout_vaults_chaotic_city, basic_altar,
          serial_shops, shop
Vaults:2: hangedman_vaults_trim, hangedman_vaults_pinch,
          minmay_crypt_entry_simple_sparse, v_misc_32, v_rooms_6,
          hangedman_vaults_slice, st_quartered_hall, nicolae_vaults_asterisk,
          v_misc_2, v_misc_23, layout_vaults_maze, serial_shops,
          nicolae_shop_stone, shop, shop
Vaults:3: vaults_room_door_hall, grunt_vaults_trifunnel, v_misc_5,
          nicolae_vaults_little_ls, v_misc_3, v_alt_pattern_5,
          grunt_vaults_bifocal, v_rooms_3, vaults_room_stairs_pillars,
          nicolae_vaults_display_case, hangedman_vaults_impose,
          layout_vaults_omnibox, serial_shops, shop_statue
Vaults:4: st_check, hangedman_vaults_snaps, hangedman_vaults_stagger,
          ontoclasm_vaults_gateway, v_misc_2, vaults_room_pools,
          grunt_vaults_diagonal, vaults_room_pools, layout_vaults_omnigrid,
          serial_shops, nicolae_shop_crystal, nicolae_shop_crystal,
          shop_scrolls, shop_scrolls, shop, uniq_bai_suzhen
Vaults:5
Crypt:1:  layout_gridlike, palyth_stone_intersect
Crypt:2:  layout_misc_corridors, item_on_display_a, lemuel_elevator, uniq_donald
Crypt:3:  evilmike_haunted_forest
Tomb:1
Depths:1: layout_gridlike, nicolae_two_hexagons, pf_hell_entry_great_geh,
          rand_demon_pan_entry_4, marbit_kobold_abyss_entry, tgw_xom,
          uniq_enchantress, uniq_aizul
Depths:2: minmay_box_of_statues, layout_gridlike, abyss_entry_crystal,
          hellmouth_3, minmay_shop_grove
Depths:3: minmay_tile_spiral, layout_long_grid, enter_ziggurat_a,
          pf_coc_iceberg, minmay_crystal_water, rand_demon_pan_entry_8,
          minmay_staircase_statues, uniq_boris
Depths:4: minmay_connected_boxes_in_corner, layout_gridville,
          serial_sigils_hangedman_quiver, abyss_entry, hell_entry,
          serial_hangedman_research, hangedman_research_quantum,
          hangedman_research_metamorphosis, hangedman_research_probablistics,
          hangedman_research_geology, hangedman_research_thanatology, drop_trap,
          serial_bayou_shore_a, firewood_loft
Depths:5: grunt_crosshair, layout_basic, hellmouth_1,
          chequers_serial_rivers_micro_a, grunt_ministairs_10,
          dk_noncrumbling_2, minmay_starry_boxes
Hell
Dis:1:    layout_regular_city
Dis:2:    layout_jigsaw, hangedman_dis_decor_blocks_talon,
          hangedman_player_shredder
Dis:3:    layout_chaotic_city, hangedman_dis_decor_blocks_crown,
          hangedman_dis_decor_tower
Dis:4:    layout_chaotic_city
Dis:5:    layout_chaotic_city
Dis:6:    lightli_tower_of_babel, layout_chaotic_city,
          hangedman_dis_decor_blocks_mantle
Dis:7:    dis_grunt_layers
Geh:1:    layout_gehenna_pools_basic, grunt_megastairs_3
Geh:2:    layout_gehenna_lava_caves
Geh:3:    minmay_firetagon, layout_gehenna_pools_triple
Geh:4:    layout_gehenna_lava_caves
Geh:5:    layout_gehenna_lava_caves, lemuel_flamethrower_2
Geh:6:    layout_gehenna_lava_caves
Geh:7:    geh_grunt_pentagon
Coc:1:    layout_ice_bergs
Coc:2:    layout_ice_bergs
Coc:3:    layout_ice_bergs
Coc:4:    layout_cocytus_water_paths, serial_ice
Coc:5:    layout_ice_bergs
Coc:6:    layout_cocytus_water_paths
Coc:7:    coc_grunt_cove [coc_grunt_cove_antaeus, coc_grunt_cove_fiend,
          coc_grunt_cove_fiend, coc_grunt_cove_fiend, coc_grunt_cove_fiend]
Tar:1:    layout_honeycomb
Tar:2:    layout_honeycomb
Tar:3:    layout_catacombs
Tar:4:    layout_grid_maze, nicolae_tar_cuneiform_bird
Tar:5:    layout_catacombs, grunt_megastairs_5
Tar:6:    layout_honeycomb, nicolae_tar_cuneiform_bread, grunt_megastairs_1
Tar:7:    tar_old

Skill      XL: |  1  2  3  4  5  6  7  8  9 10 11 12 13 14 15 16 17 18 19 20 21 22 23 24 25 26 27 |
---------------+----------------------------------------------------------------------------------+-----
Fighting       | 4 5 6 8 9 11 12 13 15 17 19 20 21 22 | 22.0
Armour         | 4 5 6 7 8 9 10 11 16 19 20 21 22 27 | 27.0
Shields        | 4 5 6 7 8 9 10 11 16 18 20 21 22 | 22.4
Axes           | 3 4 5 6 8 9 10 11 13 15 18 20 21 22 | 22.0
Invocations    | 3 8 10 12 15 17 19 20 | 20.0
Evocations     | 5 8 9 10 13 15 | 15.1
Crossbows      | 5 |  5.0
Dodging        | 5 9 15 16 21 22 | 22.0
Stealth        | 10 | 10.0
Spellcasting   | 20 | 20.5
Transmutations | 18 | 18.1
Necromancy     | 16 | 16.7

Action                   |  1- 3 |  4- 6 |  7- 9 | 10-12 | 13-15 | 16-18 | 19-21 | 22-24 | 25-27 || total
-------------------------+-------+-------+-------+-------+-------+-------+-------+-------+-------++-------
Melee: War axe           |   106 |   154 |       |   714 |  1174 |   546 |       |       |       ||  2694
       Headbutt          |     8 |    20 |    54 |   246 |   393 |   393 |   410 |   536 |  2600 ||  4660
       Flail             |       |       |   291 |    97 |    53 |    17 |       |       |       ||   458
       Trident           |       |       |       |       |       |   202 |       |       |       ||   202
       Broad axe         |       |       |       |       |       |   517 |  1290 |  1537 |  7235 || 10579
 Fire: Hand crossbow     |       |       |       |       |    62 |     3 |       |       |    35 ||   100
Throw: Boomerang         |       |       |     2 |       |       |       |       |       |       ||     2
       Dart              |       |       |     7 |    15 |     9 |       |       |       |       ||    31
 Cast: Passwall          |       |       |       |       |       |       |       |       |    22 ||    22
       Wereblood         |       |       |       |       |       |       |       |       |     7 ||     7
       Necromutation     |       |       |       |       |       |       |       |       |     2 ||     2
       Statue Form       |       |       |       |       |       |       |       |       |     1 ||     1
Invok: Heroism           |       |       |       |    13 |    25 |    15 |     4 |     4 |    18 ||    79
       Finesse           |       |       |       |     1 |     6 |     5 |     3 |     2 |    13 ||    30
Evoke: Wand              |       |       |     7 |     4 |    58 |     1 |       |       |     1 ||    71
       Box of beasts     |       |       |       |       |       |       |       |     1 |       ||     1
  Use: Scroll            |       |     5 |     1 |    18 |     7 |    27 |     5 |     6 |    42 ||   111
       Potion            |       |       |     1 |     1 |       |     6 |     1 |       |    20 ||    29
 Stab: Distracted        |       |       |       |       |       |     1 |     2 |       |     3 ||     6
       Sleeping          |       |       |       |       |       |       |       |       |    20 ||    20
Armor: Scale mail        |    31 |    27 |       |       |       |       |       |       |       ||    58
       Chain mail        |       |    19 |    67 |       |       |       |       |       |       ||    86
       Plate armour      |       |       |    86 |   287 |   412 |   454 |   190 |   168 |   753 ||  2350
       Crystal plate arm |       |       |       |       |       |       |       |       |   186 ||   186
       Skin              |       |       |       |       |       |       |       |       |     3 ||     3
Dodge: Dodged            |    25 |    24 |    64 |   154 |   156 |   218 |   351 |   422 |  2411 ||  3825
Block: Kite shield       |    98 |   133 |   264 |   677 |   839 |       |   415 |  1317 |  5841 ||  9584
       Reflection        |       |     7 |    16 |    56 |    52 |   107 |    67 |   167 |    29 ||   501
       Tower shield      |       |       |       |       |   196 |  1389 |   902 |       |       ||  2487
